 Dungeon Crawl Stone Soup version 0.25.1-2-g60ff931df9 (webtiles) character file.

Game seed: 9119128230373982374

35 Exodus22XD the Ducker (level 3, -2/27 HPs)
             Began as a Demonspawn Gladiator on Oct 31, 2020.
             Slain by a hobgoblin
             ... wielding a +0 club
             ... led by Robin
              (4 damage)
             ... on level 2 of the Dungeon.
             The game lasted 00:01:46 (1147 turns).

Exodus22XD the Ducker (Demonspawn Gladiator)        Turns: 1147, Time: 00:01:47

Health: -2/27      AC:  6    Str: 15    XL:     3   Next: 17%
Magic:  3/3        EV: 10    Int:  9    God:
Gold:   17         SH:  9    Dex: 14    Spells: 2/2 levels left

rFire    + . .     SeeInvis .   a - +0 trident
rCold    . . .     Gourm    .   m - +2 kite shield
rNeg     . . .     Faith    .   b - +0 leather armour
rPois    .         Spirit   .   c - +0 helmet
rElec    .         Reflect  .   (no cloak)
rCorr    .         Harm     .   (no gloves)
MR       .....                  (no boots)
Stlth    +.........             (no amulet)
HPRegen  0.09/turn              h - ring of protection from fire
MPRegen  0.08/turn              (no ring)

@: lethally poisoned (-2 -> -19)
A: molten scales 1
a: no special abilities


You were on level 2 of the Dungeon.
You were hungry.

You visited 1 branch of the dungeon, and saw 2 of its levels.

You collected 17 gold pieces.

Inventory:

Hand Weapons
 a - a +0 trident (weapon)
Missiles
 d - 3 throwing nets (quivered)
Armour
 b - a +0 leather armour (worn)
 c - a +0 helmet (worn)
 m - a +2 kite shield (worn)
Jewellery
 h - a ring of protection from fire (left hand)
 j - a +6 ring of dexterity {unknown}
Scrolls
 e - 3 scrolls of identify
 i - a scroll of magic mapping
 k - a scroll of immolation {unknown}
 l - a scroll of remove curse {unknown}
Comestibles
 f - 4 rations


   Skills:
 + Level 2.1 Fighting
 + Level 3.2 Polearms
 - Level 1.7 Throwing
 + Level 0.1 Armour
 + Level 3.2 Dodging
 + Level 0.2 Stealth
 * Level 0.2 Shields


You had 2 spell levels left.
You didn't know any spells.
Your spell library was empty.

Dungeon Overview and Level Annotations

Branches:
Dungeon (2/15)

Altars:

Annotations:
D:2 Robin


Innate Abilities, Weirdness & Mutations

You are partially covered in molten scales. (AC +2)


Message History

The jackal bites you but does no damage.
A goblin comes into view. It is wielding a +0 club.
Robin roars a battlecry!
The goblin goes into a battle-frenzy!
The goblin shouts!
You hear a shout!
You aren't carrying any potions.
You aren't carrying any potions.
As you read the scroll labeled ZAWKAL USCHOT, it crumbles to dust.
It is a scroll of identify.
i - a scroll of magic mapping
* * * LOW HITPOINT WARNING * * *
You feel sick. The jackal barely misses you.
A goblin comes into view.
The jackal closely misses you. The jackal barely misses you.
Robin says, "A pitiful Demonspawn like you will never find the ORB!"
Robin hits you but does no damage.
You are more poisoned.
The hobgoblin hits you with a +0 club.
You die...

##[## #...#
##...### ##
#.....^# ..
#..<...# #.##
#......#
#...###
##...###
.......
#...######†...#
#.#......@gggg#
#.......gh#.#.#
#.......###.#.#
.........#
#.#.#
###.......
..... #.......#
##### #.##....#
#. ##.#.# ###.


You could see Robin, a jackal, a hobgoblin (strong) and 3 goblins.

Vanquished Creatures
  An ooze (D:1)
  6 bats (D:1)
  3 giant cockroaches (D:1)
  3 goblins (D:1)
  4 hobgoblins
  2 jackals (D:2)
  5 kobolds (D:1)
  A frilled lizard (D:1)
  3 rats (D:1)
28 creatures vanquished.

Notes
Turn   | Place    | Note
-------+----------+-------------------------------------------
     0 | D:1      | Exodus22XD the Demonspawn Gladiator began the quest for the
                  | Orb.
     0 | D:1      | Reached XP level 1. HP: 16/16 MP: 1/1
   117 | D:1      | Gained mutation: You are partially covered in molten
                  | scales. (AC +2) [demonic ancestry]
   117 | D:1      | Reached XP level 2. HP: 22/22 MP: 2/2
   680 | D:1      | Reached XP level 3. HP: 27/27 MP: 3/3
  1138 | D:2      | Noticed Robin
  1147 | D:2      | Slain by a hobgoblin

Illustrated notes

Levels and vault maps discovered:
D:1:      sevenhm_arrival_forest_fort_small_3, layout_basic
D:2:      minmay_roachtagon, layout_loops_ring,
          nemelex_xobeh_ov_fountains_minmay, minitemple, uniq_terence,
          uniq_robin

Skill      XL: |  1 |
---------------+----+-----
Dodging        | 3 |  3.2
Polearms       | 3 |  3.2
Fighting       | |  2.1
Throwing       | |  1.7
Armour         | |  0.1
Stealth        | |  0.2
Shields        | |  0.2

Action                   || total
-------------------------++-------
Melee: Trident           ||   110
  Use: Scroll            ||     1
 Stab: Sleeping          ||     2
Armor: Leather armour    ||    37
Dodge: Dodged            ||    56
Block: Kite shield       ||    17
